 Dungeon Crawl Stone Soup version 0.27.1-3-gb3d3a73c9e (webtiles) character file.

Game seed: 7946574855786547438

4171 Kinoniko the Basher (level 10, 0/92 HPs)
             Began as an Ogre Berserker on Oct 6, 2021.
             Was a High Priest of Trog.
             Succumbed to an orc wizard's poison
             ... on level 7 of the Dungeon.
             The game lasted 00:07:59 (8406 turns).

Kinoniko the Basher (Ogre Berserker)                Turns: 8406, Time: 00:08:00

Health: 0/92       AC:  3    Str: 26    XL:     10   Next: 28%
Magic:  10/10      EV: 10    Int:  8    God:    Trog [*****.]
Gold:   389        SH:  5    Dex:  8    Spells: 9/9 levels left

rFire    . . .     SeeInvis .   C - +1 flail (distort)
rCold    + . .     Faith    .   (no shield)
rNeg     . . .     Spirit   .   b - +0 animal skin
rPois    .         Reflect  +   (helmet restricted)
rElec    .         Harm     .   (no cloak)
rCorr    .         Rampage  .   (gloves unavailable)
Will     +++..                  (boots unavailable)
Stlth    +.........             k - amulet of reflection
HPRegen  1.25/turn              e - ring of protection from cold
MPRegen  0.12/turn              (no ring)

@: lethally poisoned (0 -> -4), strong-willed, regenerating, hasted, very quick
A: large, unfitting armour, tough skin 1
a: Renounce Religion, Berserk, Trog's Hand, Brothers in Arms


You were on level 7 of the Dungeon.
You worshipped Trog.
Trog was extremely pleased with you.
You visited 1 branch of the dungeon, and saw 7 of its levels.

You collected 389 gold pieces.

Inventory:

Hand Weapons
 a - a +0 mace
 h - a +4 flail
 v - a +0 flail of draining
 y - a +0 dire flail
 C - a +1 flail of distortion (weapon)
Missiles
 p - 2 throwing nets (quivered)
Armour
 b - a +0 animal skin (worn)
 B - a scarf of harm
 D - a scarf of invisibility
Jewellery
 e - a ring of protection from cold (left hand)
 k - an amulet of reflection (around neck)
 x - an amulet of guardian spirit
Wands
 c - a wand of polymorph (5)
Scrolls
 d - 5 scrolls of fear
 i - a scroll of amnesia
 n - a scroll of vulnerability
 o - 4 scrolls of immolation
 t - a scroll of magic mapping
 F - a scroll of torment
Potions
 f - 3 potions of flight {unknown}
 j - 2 potions of haste
 l - 3 potions of degeneration {unknown}
 m - 2 potions of brilliance {unknown}
 q - 3 potions of ambrosia {unknown}
 r - a potion of might {unknown}
 s - a potion of mutation {unknown}
 u - a potion of magic {unknown}
 w - 2 potions of lignification {unknown}
 z - a potion of cancellation {unknown}


   Skills:
 - Level 4.0 Fighting
 * Level 13.2 Maces & Flails
 - Level 2.6 Dodging


You had 9 spell levels left.
You didn't know any spells.
Your spell library was empty.

Dungeon Overview and Level Annotations

Branches:
Dungeon (7/15)             Temple (0/1) D:4

Altars:
Ashenzari
Dithmenos
Elyvilon
Wu Jian

Shops:
D:7 (

Annotations:
D:7 Pikel


Innate Abilities, Weirdness & Mutations

You are too large for most types of armour.
You have tough skin. (AC +1)


Message History

A magic dart appears from out of thin air!
The magic dart hits you.
* * * LOW HITPOINT WARNING * * *
There is a strange disturbance nearby!
There is a strange disturbance nearby!
There is a strange disturbance nearby!
Your skin crawls.
You feel strong-willed.
The orc shouts!
You block something's attack.
You closely miss something. You miss something. Something hits you.
* * * LOW HITPOINT WARNING * * *
You miss something.
You recover from your berserk rage.
The orc shouts!
You hear a shout! x2
Something hits you but does no damage.
You are poisoned.
You closely miss something.
You feel very sick. Something hits you.
* * * LOW HITPOINT WARNING * * *
You are lethally poisoned!
You closely miss something.
* * * LOW HITPOINT WARNING * * *
You feel very sick.
You sock something!
Reactivating autopickup.
You feel a bit more experienced.
* * * LOW HITPOINT WARNING * * *
You feel very sick.
Unknown command.
Unknown command.
You barely miss the orc.
* * * LOW HITPOINT WARNING * * *
You feel sick. The orc hits you with a +0 short sword.
* * * LOW HITPOINT WARNING * * *
Unknown command.
It was a potion of haste.
You feel yourself speed up.
You die...

.......#####.###.#
###.#####......o.# #.#
#.##.###.# #.# #.##.#
#o# # #.# #.##.# #.#
###.# #.##.###.# #...#
#.##.##ยงยง#
...######.......o####...
..............o.@...'...
...##########....####...
...# #.#.## ...# #.###
.#.# .# ##.# .# ..# .#
.#


You could see 2 orcs.

Vanquished Creatures
  A two-headed ogre (D:6)
  A centaur zombie (D:6)
  Grinder (D:3)
  A wyvern (D:7)
  Edmund (D:6)
  An orc warrior (D:7)
  2 sky beasts (D:5)
  Purgy (D:3)
  An ice beast (D:5)
  A necrophage (D:6)
  3 ogres
  A centaur (D:5)
  3 kobold brigands (D:5)
  2 bullfrogs (D:6)
  A gnoll sergeant (D:6)
  A scorpion (D:6)
  5 killer bees (D:6)
  3 hounds
  2 bullfrog zombies
  4 jellies
  3 orc priests
  A gnoll shaman (D:6)
  Jessica (D:3)
  A centaur skeleton (D:6)
  5 iguanas
  4 orc wizards
  2 hound zombies (D:5)
  Robin (D:3)
  23 gnolls
  A howler monkey skeleton (D:7)
  7 adders
  3 white imps
  A worm (D:2)
  6 dart slugs
  23 orcs
  8 endoplasms
  2 giant cockroaches
  15 goblins
  14 hobgoblins
  3 jackals (D:1)
  5 quokkas
  9 ball pythons
  6 bats
  2 frilled lizards (D:1)
  39 kobolds
  6 rats
227 creatures vanquished.

Notes
Turn   | Place    | Note
-------+----------+-------------------------------------------
     0 | D:1      | Kinoniko the Ogre Berserker began the quest for the Orb.
     0 | D:1      | Reached XP level 1. HP: 24/24 MP: 1/1
    58 | D:1      | Reached skill level 3 in Maces & Flails
   139 | D:1      | Reached XP level 2. HP: 30/32 MP: 2/2
   659 | D:1      | Found a faded altar of an unknown god.
   725 | D:1      | Reached XP level 3. HP: 39/39 MP: 3/3
   857 | D:1      | Reached ** piety under Trog
  1265 | D:2      | Reached skill level 4 in Maces & Flails
  1597 | D:2      | Reached XP level 4. HP: 48/48 MP: 4/4
  2288 | D:3      | Reached skill level 5 in Maces & Flails
  2292 | D:3      | Reached XP level 5. HP: 38/54 MP: 5/5
  2469 | D:3      | Noticed Jessica
  2480 | D:3      | Killed Jessica
  2485 | D:3      | Reached *** piety under Trog
  2629 | D:3      | Noticed Robin
  2631 | D:3      | Noticed Purgy
  2635 | D:3      | Reached XP level 6. HP: 62/62 MP: 6/6
  2643 | D:3      | Killed Purgy
  2644 | D:3      | Reached skill level 6 in Maces & Flails
  2652 | D:3      | Killed Robin
  2964 | D:3      | Found an ornate altar of the Wu Jian Council.
  2965 | D:3      | Noticed Grinder
  2974 | D:3      | Killed Grinder
  2975 | D:3      | Reached skill level 7 in Maces & Flails
  2975 | D:3      | Reached XP level 7. HP: 70/70 MP: 7/7
  3511 | D:4      | Reached **** piety under Trog
  3698 | D:4      | Found a staircase to the Ecumenical Temple.
  3714 | D:4      | Found a broken altar of Ashenzari.
  3724 | D:4      | Found a white marble altar of Elyvilon.
  3848 | D:4      | Reached skill level 8 in Maces & Flails
  4217 | D:5      | Entered Level 5 of the Dungeon
  4364 | D:5      | Reached XP level 8. HP: 61/78 MP: 8/8
  4630 | D:5      | Found a shadowy altar of Dithmenos.
  4807 | D:5      | Reached skill level 9 in Maces & Flails
  5411 | D:5      | Reached skill level 10 in Maces & Flails
  5417 | D:5      | Reached ***** piety under Trog
  5836 | D:5      | Reached XP level 9. HP: 56/84 MP: 9/9
  6640 | D:6      | Reached skill level 11 in Maces & Flails
  6989 | D:6      | Noticed a two-headed ogre
  7048 | D:6      | Killed a two-headed ogre
  7049 | D:6      | Reached skill level 12 in Maces & Flails
  7243 | D:6      | Reached XP level 10. HP: 87/92 MP: 10/10
  7425 | D:6      | Noticed Edmund
  7437 | D:6      | Killed Edmund
  8058 | D:7      | Found Lodouwn's Weapon Shoppe.
  8220 | D:7      | Reached skill level 13 in Maces & Flails
  8375 | D:7      | Noticed Pikel
  8405 | D:7      | HP: 4/92 [poisoned by an orc wizard]
  8406 | D:7      | Succumbed to an orc wizard's poison

Illustrated notes

Levels and vault maps discovered:
D:1:      dpeg_arrival_round_a, layout_basic,
          hellmonk_ecumenical_altar_inner_sanctum
D:2:      layout_rooms, minivault_11, minmay_tetromino_s4
D:3:      minmay_skewed_foursquare, layout_rooms, nicolae_wu_jian_glorious_leap,
          serial_bayou_pond_d, uniq_jessica, uniq_purgy, uniq_grinder,
          uniq_robin
D:4:      layout_basic, mainiacjoe_overflow_catch_the_wave,
          minmay_temple_entry_butterflies, hangedman_decor_opposing,
          grunt_ministairs_5
D:5:      minmay_goblin_kobold_castle, layout_basic,
          nicolae_dithmenos_through_a_glass_darkly
D:6:      kb_forest_paths, layout_rooms, serial_co_window_serial,
          co_window_of_opportunity_a, co_window_paths_a,
          co_window_of_opportunity_a, co_window_corner_a, co_window_cross_1,
          co_window_paths_c, co_window_of_opportunity_c,
          co_window_unsneaky_path_e, co_window_cross_2, glass_columns_a,
          glass_columns_b, glass_columns_a, glass_columns_a, uniq_edmund
D:7:      layout_loops_corners, serial_shops, nicolae_stop_n_shop_1, uniq_pikel

Skill      XL: |  1  2  3  4  5  6  7  8  9 10 |
---------------+-------------------------------+-----
Maces & Flails | 3 4 5 7 8 10 12 13 | 13.2
Fighting       | |  4.0
Dodging        | |  2.6

Action                   |  1- 3 |  4- 6 |  7- 9 | 10-12 || total
-------------------------+-------+-------+-------+-------++-------
Melee: Mace              |   104 |     4 |       |       ||   108
       Flail             |       |   119 |   303 |    58 ||   480
Invok: Berserk           |     3 |     4 |    14 |     3 ||    24
       Trog's Hand       |       |       |       |     1 ||     1
  Use: Potion            |     1 |       |       |     3 ||     4
       Scroll            |       |     6 |     5 |     4 ||    15
 Stab: Sleeping          |     1 |       |       |       ||     1
Armor: Animal skin       |    30 |    33 |    50 |    11 ||   124
Dodge: Dodged            |    68 |    45 |    91 |    14 ||   218
Block: Other             |       |    17 |    68 |     8 ||    93
